 Dungeon Crawl Stone Soup version 0.27.1 (webtiles) character file.

Game seed: 2350508518429098382

23 theanonym the Magician (level 2, 0/21 HPs)
             Began as a Mummy Enchanter on Aug 24, 2021.
             Slain by a hobgoblin (3 damage)
             ... led by Robin
             ... on level 1 of the Dungeon.
             The game lasted 00:03:13 (2874 turns).

theanonym the Magician (Mummy Enchanter)            Turns: 2874, Time: 00:03:14

Health: 0/21       AC:  7    Str: 11    XL:     2   Next: 75%
Magic:  4/5        EV: 10    Int: 14    God:
Gold:   47         SH:  0    Dex: 12    Spells: 5/6 levels left

rFire    x . .     SeeInvis .   c - +0 short sword
rCold    + . .     Faith    .   (no shield)
rNeg     + + +     Spirit   .   g - +0 ring mail
rPois    ∞         Reflect  .   e - +0 helmet
rElec    .         Harm     .   d - +0 cloak
rCorr    .         Rampage  .   (no gloves)
Will     .....                  (no boots)
Stlth    +.........             (no amulet)
HPRegen  0.07/turn              (no ring)
MPRegen  0.09/turn              (no ring)

@: no status effects
A: cold resistance 1, negative energy resistance 3, torment resistance 2, heat
vulnerability 1, no potions
a: no special abilities


Innate Abilities, Weirdness & Mutations

You are immune to poison.
Your flesh is cold resistant. (rC+)
You are immune to negative energy. (rN+++)
You are immune to unholy pain and torment.
You are vulnerable to heat. (rF-)
You do not drink.


   Skills:
 + Level 1.0 Fighting
 * Level 1.7 Short Blades
 - Level 1.6 Dodging
 - Level 2.4 Stealth
 - Level 2.7 Spellcasting
 - Level 2.7 Hexes


You had 5 spell levels left.
You knew the following spells:

 Your Spells              Type           Power      Damage    Failure   Level
a - Corona                Hex            10%        N/A       17%         1

Your spell library contained the following spells:

 Spells                   Type           Power      Damage    Failure   Level
 Ensorcelled Hibernation  Hex/Ice        10%        N/A       43%         2
 Confusing Touch          Hex            9%         N/A       45%         3
 Tukima's Dance           Hex            9%         N/A       45%         3
 Dazzling Flash           Conj/Hex       10%        N/A       67%         3

Skill      XL: |  1  2 |
---------------+-------+-----
Short Blades   | 1 |  1.7
Fighting       | 1 |  1.0
Dodging        | |  1.6
Stealth        | |  2.4
Spellcasting   | |  2.7
Hexes          | |  2.7

Action                   || total
-------------------------++-------
Melee: Short sword       ||    80
       Dagger            ||    17
 Cast: Corona            ||    19
Armor: Robe              ||     5
       Ring mail         ||    12
       Leather armour    ||     2
Dodge: Dodged            ||    56

Inventory:

Hand Weapons
 c - a +0 short sword (weapon)
Armour
 d - a +0 cloak (worn)
 e - a +0 helmet (worn)
 g - a +0 ring mail (worn)


You were on level 1 of the Dungeon.
You visited 1 branch of the dungeon, and saw 2 of its levels.

You collected 47 gold pieces.

Dungeon Overview and Level Annotations

Branches:
Dungeon (2/15)

Altars:

Annotations:
D:2 Robin, Terence

# # ### ..# #.#
#.###########
#...........#
#...........######
............'...@#
#...........####g#
#...........# #.#
#...........# #.#
#...........# #.#
............# #.#
#...........# #.#
#...........# #.#
#...........# #.#


You could see a hobgoblin (corona).

Notes
Turn   | Place    | Note
-------+----------+-------------------------------------------
     0 | D:1      | theanonym the Mummy Enchanter began the quest for the Orb.
     0 | D:1      | Reached XP level 1. HP: 13/13 MP: 4/4
    34 | D:1      | HP: 6/13 [hobgoblin (3)]
    36 | D:1      | HP: 2/13 [hobgoblin (4)]
   416 | D:1      | HP: 6/13 [kobold (4)]
   422 | D:1      | HP: 3/13 [kobold (3)]
   428 | D:1      | HP: 2/13 [goblin (2)]
   725 | D:1      | Reached skill level 1 in Short Blades
  1061 | D:1      | HP: 6/14 [kobold (2)]
  1064 | D:1      | Reached XP level 2. HP: 6/20 MP: 1/5
  1405 | D:1      | HP: 7/20 [kobold (4)]
  2257 | D:1      | HP: 10/20 [hobgoblin[Robin] (2)]
  2260 | D:1      | Reached skill level 1 in Fighting
  2555 | D:2      | Noticed Terence
  2561 | D:2      | HP: 8/21 [Terence (6)]
  2568 | D:2      | HP: 1/21 [Terence (8)]
  2853 | D:2      | Noticed Robin
  2869 | D:1      | HP: 9/21 [hobgoblin[Robin] (2)]
  2872 | D:1      | HP: 3/21 [hobgoblin[Robin] (4)]
  2874 | D:1      | Slain by a hobgoblin

Vanquished Creatures
  An endoplasm (D:1)
  6 goblins
  4 hobgoblins (D:1)
  A jackal (D:1)
  3 ball pythons
  A frilled lizard (D:1)
  4 kobolds (D:1)
  A rat (D:2)
21 creatures vanquished.

Table legend: (Time is in decaauts)
 A = Elapsed time spent in this place.
 B = Non-inter-level travel time spent in this place.
 C = Inter-level travel time spent in this place.
 D = Time resting spent in this place.
 E = Time spent auto-exploring this place.
 F = Levels seen in this place.
 G = Mean time per level.
                   A        B        C        D        E       F      G
               +--------+--------+--------+--------+--------+-----+--------+
         Total |   2879 |   2693 |    186 |   1527 |    767 |   2 | 1439.5 |
       Dungeon |   2879 |   2693 |    186 |   1527 |    767 |   2 | 1439.5 |
               +--------+--------+--------+--------+--------+-----+--------+

Top non-repeatable levels by time:
     D:1: 2545 daAuts
     D:2: 334 daAuts
